[Event "Early Titled Tuesday Blitz | February 8 2022"]
[White "Jeet, Jain"]
[Black "Dronavalli, Harika"]
[WhiteFideId "5073022"]
[BlackFideId "5015197"]
[WhiteElo "2085"]
[BlackElo "2382"]
[Result "1/2-1/2"]
[Round "04"]
[TimeControl "180+1"]
[Date "2022.02.08"]
[WhiteClock "0:01:02"]
[BlackClock "0:00:37"]

1. e4 c5 2. Nf3 Nc6 3. Nc3 e5 4. Bc4 Be7 5. d3 d6 6. h4 h6 7. Be3 Nf6 8. a4 Be6 9. Nd5 Bg4 10. c3 Nxd5 11. Bxd5 Be6 12. Bxe6 fxe6 13. d4 cxd4 14. cxd4 O-O 15. dxe5 Nxe5 16. Nxe5 Qa5+ 17. Qd2 Qxe5 18. Qd4 Bf6 19. Qxe5 Bxe5 20. Ke2 Rac8 21. Rac1 Bxb2 22. Rxc8 Rxc8 23. Bxa7 Rc4 24. Rb1 Be5 25. Kd3 Rc3+ 26. Kd2 Rc4 27. Rxb7 Rxa4 28. Kd3 Ra3+ 29. Ke2 Ra2+ 30. Kd3 Ra3+ 31. Ke2 Ra4 32. Kd3 d5 33. exd5 exd5 34. g3 Ra3+ 35. Ke2 Ra2+ 36. Kd3 d4 37. Bxd4 Bxd4 38. Kxd4 Rxf2 39. Ke4 Rf1 40. h5 Kh7 41. g4 Kg8 42. Ra7 Kh7 43. Rb7 Rg1 44. Kf4 Rf1+ 45. Kg3 Rg1+ 46. Kf3 Rf1+ 47. Kg2 Rf4 48. Kg3 Ra4 49. Rc7 Kg8 50. Rb7 Kf8 51. Rc7 Kg8 52. Rb7 Kf8 53. Rc7 Kg8 1/2-1/2


[Site "https://www.chess.com"]

[Event "Early Titled Tuesday Blitz | February 8 2022"]
[White "Jones, Gawain C B"]
[Black "Nepomniachtchi, Ian"]
[WhiteFideId "409561"]
[BlackFideId "4168119"]
[WhiteElo "2657"]
[BlackElo "2740"]
[Result "1-0"]
[Round "04"]
[TimeControl "180+1"]
[Date "2022.02.08"]
[WhiteClock "0:00:06"]
[BlackClock "0:00:25"]

1. Nf3 d5 2. g3 Nc6 3. d4 Bf5 4. Bg2 e6 5. O-O Nf6 6. c4 Nb4 7. Nc3 dxc4 8. Ne5 c6 9. e4 Bg6 10. Nxc4 Be7 11. Ne5 O-O 12. Be3 Rc8 13. a3 Na6 14. b4 Nc7 15. h3 Ra8 16. Qb3 Nd7 17. Nxg6 hxg6 18. Rfd1 Nb6 19. a4 Na6 20. a5 Nd7 21. b5 Nb4 22. d5 exd5 23. exd5 c5 24. d6 Bf6 25. Bxb7 Rb8 26. a6 Qb6 27. Rac1 Bxc3 28. Rxc3 Qxb5 29. Rb1 Qb6 30. Bxc5 Nxc5 31. Qxb4 Nxb7 32. Qxb6 axb6 33. Rxb6 Nxd6 34. Rxd6 Rb1+ 35. Kg2 Ra1 36. Rc7 Ra2 37. a7 g5 38. Rdd7 g6 39. Rb7 Kg7 40. Kf3 Kf6 41. Rd6+ Ke5 42. Rdd7 Ke6 43. Rdc7 f5 44. Rc6+ Ke5 45. Rxg6 g4+ 46. hxg4 fxg4+ 47. Kxg4 Rfxf2 48. Rg8 Ra4+ 49. Kg5 Rfa2 50. Rgg7 Ra5 51. g4 Ke4+ 52. Kg6 Kf4 53. g5 Rxg5+ 54. Kh7 Rga5 55. Kg8 Kf5 56. Rge7 Kf6 57. Kf8 Rh2 58. Rf7+ Ke6 59. Rbe7+ Kd6 60. Rf6+ Kc5 61. Re5+ Kb4 62. Rf4+ Kc3 63. Rxa5 1-0


[Site "https://www.chess.com"]

[Event "Early Titled Tuesday Blitz | February 8 2022"]
[White "Kaasen, Tor Fredrik"]
[Black "Karabalis, Harilos"]
[WhiteFideId "1516647"]
[BlackFideId "4621808"]
[WhiteElo "2335"]
[BlackElo "2168"]
[Result "1-0"]
[Round "04"]
[TimeControl "180+1"]
[Date "2022.02.08"]
[WhiteClock "0:01:35"]
[BlackClock "0:01:04"]

1. e4 e6 2. d4 d5 3. Nc3 Nf6 4. Bg5 dxe4 5. Nxe4 Nbd7 6. Nf3 Be7 7. Bxf6 Nxf6 8. Bd3 O-O 9. Qe2 Nxe4 10. Qxe4 f5 11. Qe2 c5 12. dxc5 Bxc5 13. O-O-O Qf6 14. Bc4 b5 15. Bb3 a5 16. Rhe1 a4 17. Bxe6+ Kh8 18. Bxc8 Raxc8 19. Kb1 a3 20. Ne5 h6 21. f4 axb2 22. Nd7 Qa6 23. Nxf8 Rxf8 24. Qe6 Qa5 25. Re5 Bb4 26. Rxf5 Rd8 27. Rxd8+ Qxd8 28. Rd5 Qh4 29. Qe8+ Kh7 30. Qe4+ Kh8 31. Qxb4 1-0


[Site "https://www.chess.com"]

[Event "Early Titled Tuesday Blitz | February 8 2022"]
[White "Kalajzic, Ivan"]
[Black "Samarth, J Rao"]
[WhiteFideId "14506378"]
[BlackFideId "46652370"]
[WhiteElo "2163"]
[BlackElo "1514"]
[Result "0-1"]
[Round "04"]
[TimeControl "180+1"]
[Date "2022.02.08"]
[WhiteClock "0:01:52"]
[BlackClock "0:02:02"]

1. b3 e5 2. Bb2 Nc6 3. e3 g6 4. Bb5 Bg7 5. f4 d6 6. Nf3 Qe7 7. O-O Bd7 8. Nc3 Nf6 9. fxe5 Nxe5 10. Bxd7+ Qxd7 11. Nxe5 dxe5 12. Qe2 O-O 13. Rf2 c6 14. Raf1 Nd5 15. Ne4 f5 16. Ng5 Rad8 17. g3 Bf6 18. Nf3 Qg7 19. d4 exd4 20. Nxd4 Rfe8 21. Rf3 Bxd4 0-1


[Site "https://www.chess.com"]

[Event "Early Titled Tuesday Blitz | February 8 2022"]
[White "Kamsky, Gata"]
[Black "Lopez Mulet, Inigo"]
[WhiteFideId "2000024"]
[BlackFideId "22235620"]
[WhiteElo "2645"]
[BlackElo "2315"]
[Result "1-0"]
[Round "04"]
[TimeControl "180+1"]
[Date "2022.02.08"]
[WhiteClock "0:00:25"]
[BlackClock "0:00:21"]

1. e4 g6 2. d4 Bg7 3. c3 c5 4. d5 e5 5. Nf3 d6 6. a4 Ne7 7. h4 h6 8. h5 g5 9. Bd3 Nd7 10. Nh2 Nf6 11. g4 O-O 12. Na3 a6 13. f3 Ne8 14. Nf1 Nc7 15. a5 Ne8 16. Nc4 Rb8 17. Nb6 Nf6 18. Ne3 Nd7 19. Nxc8 Qxc8 20. Nc4 Qc7 21. O-O Rfc8 22. Kg2 Bf6 23. Be3 Kf8 24. Qe2 Ng8 25. Rfb1 Be7 26. b4 cxb4 27. cxb4 Ngf6 28. Rc1 Qd8 29. Rc2 Rc7 30. Rac1 Rbc8 31. Bf2 Ne8 32. Ne3 Rxc2 33. Rxc2 Ng7 34. Rxc8 Qxc8 35. Qc2 Qxc2 36. Bxc2 Bd8 37. Nc4 Bc7 38. Ba4 Ke7 39. Kf1 Ne8 40. Ke2 Nef6 41. Ne3 Ng8 42. Nf5+ Kd8 43. Kd3 b5 44. axb6 Bxb6 45. Be1 Kc7 46. Bb3 Ba7 47. Bc4 Nb8 48. Kc2 Bb6 49. Kb3 Ba7 50. Ka4 Bb6 51. Bd2 Ba7 52. Nxh6 Nxh6 53. Bxg5 Ng8 54. h6 Nxh6 55. Bxh6 Bf2 56. Bg5 Bg3 57. Be3 Be1 58. g5 Kb7 59. b5 axb5+ 60. Bxb5 Kc7 61. f4 Nd7 62. Bxd7 Kxd7 63. f5 Bh4 64. Kb5 Bg3 65. Kc4 Bh4 66. Kd3 Ke7 67. Ke2 f6 68. g6 Kf8 69. Kd3 Be1 70. Kc4 Ba5 71. Kb5 Bd8 72. Kc6 Be7 73. Kd7 Kg7 74. Kxe7 Kh8 75. Kxd6 Kg7 76. Ke6 Kh8 77. d6 Kg7 78. d7 Kh8 79. d8=Q+ Kg7 80. Qxf6+ Kg8 81. Qf7+ Kh8 82. g7+ Kh7 83. g8=B+ Kh8 84. Qh7# 1-0


[Site "https://www.chess.com"]

[Event "Early Titled Tuesday Blitz | February 8 2022"]
[White "Kanyamarala, Trisha"]
[Black "Aloma Vidal, Robert"]
[WhiteFideId "45004722"]
[BlackFideId "2260409"]
[WhiteElo "2002"]
[BlackElo "2435"]
[Result "1-0"]
[Round "04"]
[TimeControl "180+1"]
[Date "2022.02.08"]
[WhiteClock "0:00:42"]
[BlackClock "0:00:12"]

1. d4 d5 2. c4 c6 3. cxd5 cxd5 4. Bf4 Nc6 5. e3 e6 6. Nc3 Bd6 7. Bxd6 Qxd6 8. Nf3 Nge7 9. Bd3 f6 10. O-O O-O 11. e4 dxe4 12. Nxe4 Qd8 13. Re1 b6 14. Bc4 Nd5 15. Nc3 Nce7 16. Qb3 a6 17. Nxd5 Nxd5 18. Bxd5 exd5 19. Rac1 Kh8 20. Rc6 Rb8 21. h3 Bf5 22. Qb4 Be4 23. Nd2 Re8 24. Nxe4 dxe4 25. Qc3 b5 26. Rd1 Qd5 27. Rc5 Qxa2 28. d5 b4 29. Qd4 Qa4 30. d6 Rbd8 31. d7 Rf8 32. Rd5 f5 33. Re5 a5 34. Re7 Rg8 35. Rc1 e3 36. fxe3 Qb5 37. Rc8 Rxd7 38. Qxg7# 1-0


[Site "https://www.chess.com"]

[Event "Early Titled Tuesday Blitz | February 8 2022"]
[White "Kazarian, Anna-Maja"]
[Black "Khumalo, Keith"]
[WhiteFideId "1033689"]
[BlackFideId "14319470"]
[WhiteElo "2004"]
[BlackElo "1992"]
[Result "0-1"]
[Round "04"]
[TimeControl "180+1"]
[Date "2022.02.08"]
[WhiteClock "0:00:01"]
[BlackClock "0:01:24"]

1. e4 c5 2. Nf3 e6 3. d4 cxd4 4. Nxd4 a6 5. c4 Nf6 6. Nc3 Bb4 7. Bd3 Nc6 8. Nxc6 Bxc3+ 9. bxc3 dxc6 10. O-O O-O 11. e5 Nd7 12. Qe2 Re8 13. f4 Qa5 14. Be3 Qxc3 15. Rac1 Qa5 16. Kh1 Nf8 17. Rf3 c5 18. Rg3 Bd7 19. h4 Bc6 20. h5 Rad8 21. Bb1 Qa3 22. Rf1 Qc3 23. Qg4 g6 24. Bxc5 Qxc4 25. Bxf8 Kxf8 26. Re1 Qb4 27. Rg1 Be4 28. hxg6 hxg6 29. Qh4 Bxb1 30. Rb3 Qe4 31. Qh8+ Ke7 32. Qf6+ Kd7 33. Rgxb1 Rh8+ 34. Kg1 Qd4+ 35. Kf1 Rh1+ 36. Ke2 Qe4+ 37. Kf2 Qd4+ 38. Kg3 Rxb1 39. Qxf7+ Kc6 40. Qxb7+ Kc5 41. Qc7+ Kd5 42. Qb7+ Kc5 43. Qb6+ Kc4 0-1


[Site "https://www.chess.com"]

[Event "Early Titled Tuesday Blitz | February 8 2022"]
[White "Kepeshchuk, Mykhaylo"]
[Black "Terletsky, Oleg"]
[WhiteFideId "14113139"]
[BlackFideId "14116774"]
[WhiteElo "2279"]
[BlackElo "2050"]
[Result "1-0"]
[Round "04"]
[TimeControl "180+1"]
[Date "2022.02.08"]
[WhiteClock "0:00:16"]
[BlackClock "0:00:05"]

1. d4 Nf6 2. c4 g6 3. Nc3 Bg7 4. e4 d6 5. Nf3 O-O 6. Be2 e5 7. d5 a5 8. Be3 Ng4 9. Bg5 f6 10. Bh4 g5 11. Bg3 Nh6 12. Nd2 f5 13. f3 Na6 14. a3 Bd7 15. h3 fxe4 16. fxe4 Qe8 17. Bf2 a4 18. O-O Nc5 19. Rb1 b6 20. Nb5 Bxb5 21. cxb5 Rf4 22. Be3 Nf7 23. g3 Rxf1+ 24. Qxf1 Qe7 25. Bg4 Rf8 26. Bxc5 dxc5 27. Be6 Kh8 28. Bxf7 Rxf7 29. Qe2 Qd7 30. Kg2 Bf8 31. Nc4 Bd6 32. Rf1 Kg7 33. Rxf7+ Qxf7 34. Qf3 Qxf3+ 35. Kxf3 h5 36. g4 h4 37. Nd2 Kf6 38. Nb1 Ke7 39. Nc3 Kf6 40. Nxa4 Ke7 41. Ke2 Kd7 42. Kd3 Be7 43. Kc4 Bf6 44. Nc3 Kd6 45. Nd1 Kd7 46. Ne3 Be7 47. Nf5 Bd6 48. b3 Kc8 49. Ne3 Kd7 50. Nc2 Kc8 51. Ne3 Kd7 52. Kc3 Kc8 53. Nc4 Kb7 54. a4 Kc8 55. a5 bxa5 56. Nxa5 Kb8 57. Kc4 Ka7 58. Nc6+ Kb6 59. Nd8 Ka5 60. Ne6 Kb6 61. Ng7 Be7 62. Nf5 Bf6 63. Nh6 Be7 64. Nf5 Bf6 65. Ne3 Be7 66. Nc2 Bf6 67. Na3 Be7 68. Nb1 Bd6 69. Nc3 Ka5 70. Na4 Be7 71. Nxc5 Bd6 72. Ne6 Kb6 73. Ng7 Be7 74. Nf5 Bf6 75. d6 cxd6 76. Nxd6 Be7 77. Nf5 Bf6 78. Ne3 Bd8 79. Nd5+ Kb7 80. Kc5 Ba5 81. b4 Bd8 82. b6 Kc8 83. Kc6 Kb8 84. b7 Bb6 85. Nxb6 Ka7 86. Nd7 Ka6 87. Nxe5 Ka7 88. Nf7 Ka6 89. Nxg5 Ka7 90. Nf3 Ka6 91. Nxh4 Ka7 92. e5 Ka6 93. e6 Ka7 94. e7 Ka6 95. e8=Q Ka7 96. Qa8# 1-0


[Site "https://www.chess.com"]

[Event "Early Titled Tuesday Blitz | February 8 2022"]
[White "Kett, Tim"]
[Black "Mayaud, Raphael"]
[WhiteFideId "1801210"]
[BlackFideId "627151"]
[WhiteElo "2098"]
[BlackElo "2191"]
[Result "1/2-1/2"]
[Round "04"]
[TimeControl "180+1"]
[Date "2022.02.08"]
[WhiteClock "0:00:07"]
[BlackClock "0:00:07"]

1. e4 d5 2. exd5 Qxd5 3. Nf3 Bg4 4. Be2 Nc6 5. h3 Bxf3 6. Bxf3 Qe5+ 7. Qe2 Qxe2+ 8. Bxe2 e5 9. c3 O-O-O 10. d3 f5 11. f4 g6 12. O-O Bd6 13. fxe5 Bxe5 14. d4 Bd6 15. Nd2 Nf6 16. Nc4 Ne4 17. Nxd6+ Nxd6 18. Bf4 Rde8 19. Bf3 Kd7 20. Rae1 Rxe1 21. Rxe1 Re8 22. Rxe8 Nxe8 23. Kf2 Nd6 24. b3 b5 25. Ke3 Ne7 26. Kd3 Ng8 27. Be5 Nf7 28. Bh2 Ng5 29. Be2 Nf6 30. c4 bxc4+ 31. bxc4 Nge4 32. d5 h5 33. Kd4 a5 34. c5 Nd2 35. Bb5+ Kd8 36. Ke5 Nfe4 37. c6 Nc3 38. Bd3 Nxa2 39. Ke6 Nb4 40. Bb5 Nb3 41. Kf6 Nd4 42. Ba4 Nxd5+ 43. Kxg6 Nb6 44. Bd1 a4 45. Bxa4 Nxa4 46. Kxh5 Nxc6 47. Bxc7+ Kxc7 48. Kg5 Nd4 49. g4 fxg4 50. Kxg4 Kd6 51. h4 Ne6 52. h5 Ke7 53. h6 Kf8 54. h7 Kg7 55. h8=Q+ Kxh8 1/2-1/2


[Site "https://www.chess.com"]

[Event "Early Titled Tuesday Blitz | February 8 2022"]
[White "Khachiyan, Melikset"]
[Black "Zhigalko, Sergei"]
[WhiteFideId "13300512"]
[BlackFideId "13502956"]
[WhiteElo "2484"]
[BlackElo "2662"]
[Result "0-1"]
[Round "04"]
[TimeControl "180+1"]
[Date "2022.02.08"]
[WhiteClock "0:00:41"]
[BlackClock "0:00:03"]

1. d4 Nf6 2. Nc3 d5 3. Bg5 c5 4. Bxf6 gxf6 5. e3 Nc6 6. Qh5 e6 7. O-O-O Bd7 8. f4 cxd4 9. exd4 Bb4 10. Nge2 Ne7 11. g4 Qa5 12. f5 O-O-O 13. Qxf7 Rdf8 14. Qh5 exf5 15. gxf5 Rhg8 16. Qf3 Bxf5 17. Bh3 Rg5 18. Rhg1 h6 19. Bxf5+ Rxf5 20. Qh3 Kb8 21. Rg7 Rg5 22. Qxh6 Nf5 23. Rxb7+ Kxb7 24. Qh7+ Kb8 25. Qd7 Rd8 26. Qe6 Qb6 27. Qf7 Bxc3 28. Nxc3 Nxd4 29. Nxd5 Ne2+ 30. Kb1 Rgxd5 0-1


[Site "https://www.chess.com"]

[Event "Early Titled Tuesday Blitz | February 8 2022"]
[White "Khamdamova, Afruza"]
[Black "Dauner, Benedikt"]
[WhiteFideId "14210444"]
[BlackFideId "16225899"]
[WhiteElo "1660"]
[BlackElo "2230"]
[Result "0-1"]
[Round "04"]
[TimeControl "180+1"]
[Date "2022.02.08"]
[WhiteClock "0:00:02"]
[BlackClock "0:00:21"]

1. e4 Nc6 2. Nf3 d6 3. d4 Nf6 4. Nc3 g6 5. Bg5 Bg7 6. Qd2 O-O 7. O-O-O Bg4 8. h3 Bxf3 9. gxf3 e5 10. dxe5 dxe5 11. Nd5 Nd4 12. Qe3 c6 13. Nxf6+ Bxf6 14. Bh6 Qa5 15. Kb1 Rfd8 16. Bd3 b5 17. h4 Qb6 18. h5 Ne6 19. Qc1 c5 20. hxg6 hxg6 21. Be3 Qc6 22. Rdg1 c4 23. Bf1 Nd4 24. Rg3 a5 25. Bg5 a4 26. Bxf6 Qxf6 27. Rgh3 Kf8 28. Rh8+ Ke7 29. Rxd8 Rxd8 30. c3 Ne6 31. Be2 Nf4 32. Qe3 Qd6 33. Rd1 Qc7 34. Rxd8 Kxd8 35. Bf1 Qd7 36. Kc1 Ke7 37. Qc5+ Kf6 38. Qb6+ Kg7 39. Qc5 f6 40. Qe3 Qd6 41. Qd2 Qxd2+ 42. Kxd2 Kf7 43. Ke3 Ke7 44. Kd2 Kd6 45. Kc2 Kc5 46. b3 axb3+ 47. axb3 cxb3+ 48. Kxb3 Ne6 49. Be2 Ng5 50. Kc2 Nh3 51. Kb3 Nxf2 52. c4 b4 53. Kc2 Nh3 54. Kb3 Nf4 55. Bf1 Ne6 56. Kb2 Ng5 57. Be2 Ne6 58. Kb3 Nd4+ 0-1


[Site "https://www.chess.com"]

[Event "Early Titled Tuesday Blitz | February 8 2022"]
[White "Komiagina, Maria"]
[Black "Qashashvili, Alexandre"]
[WhiteFideId "4153987"]
[BlackFideId "13600842"]
[WhiteElo "1945"]
[BlackElo "2316"]
[Result "1-0"]
[Round "04"]
[TimeControl "180+1"]
[Date "2022.02.08"]
[WhiteClock "0:00:06"]
[BlackClock "0:00:21"]

1. e4 c6 2. d4 d5 3. e5 Bf5 4. h4 h5 5. Bd3 Bxd3 6. Qxd3 e6 7. Bg5 Be7 8. Nf3 Bxg5 9. Nxg5 Ne7 10. Nd2 Nf5 11. Ndf3 Nd7 12. g3 Qe7 13. c3 O-O-O 14. O-O-O f6 15. Nh3 fxe5 16. dxe5 Nc5 17. Qe2 Ne4 18. Nf4 Qd7 19. Ng5 Nxg5 20. hxg5 Qf7 21. g6 Qe8 22. Rxh5 Rxh5 23. Qxh5 Qe7 24. Rh1 d4 25. cxd4 Nxd4 26. Kb1 Qc5 27. Rc1 Qb4 28. Qg4 Re8 29. Nd3 Qd2 30. Qxd4 Rd8 31. Qc4 Qxd3+ 32. Qxd3 Rxd3 33. Kc2 Rf3 34. Rf1 Rf5 35. f4 Rf8 36. Rh1 Re8 37. Kd3 Re7 38. Ke4 Kc7 39. g4 c5 40. f5 exf5+ 41. gxf5 Rd7 42. f6 gxf6 43. exf6 Rd4+ 44. Ke5 Rd2 45. f7 Rd1 46. Rxd1 Kc6 47. f8=Q Kb5 48. Qe8+ Ka5 49. Qd8+ b6 50. Qd7 a6 51. b4+ cxb4 52. Rd5+ b5 53. Qc7+ Ka4 54. Qb6 b3 55. axb3+ Kb4 56. Qxa6 Kc3 57. Rc5+ Kb2 58. Qxb5 Ka3 59. b4 Kb2 60. Qd3 Ka1 61. Rc1+ Kb2 62. Qc2+ Ka3 63. Qc3+ Ka4 64. Ra1+ Kb5 65. Qc5# 1-0


[Site "https://www.chess.com"]

[Event "Early Titled Tuesday Blitz | February 8 2022"]
[White "Korkmaz, Necmettin"]
[Black "Derraugh, Geordie"]
[WhiteFideId "6303285"]
[BlackFideId "2603950"]
[WhiteElo "2094"]
[BlackElo "2116"]
[Result "1-0"]
[Round "04"]
[TimeControl "180+1"]
[Date "2022.02.08"]
[WhiteClock "0:02:13"]
[BlackClock "0:01:26"]

1. e4 e5 2. Nc3 Nc6 3. f4 d6 4. Nf3 Bg4 5. Bb5 exf4 6. d4 Bxf3 7. Qxf3 Qh4+ 8. g3 fxg3 9. hxg3 Qf6 10. Qxf6 Nxf6 11. d5 a6 12. Ba4 b5 13. Nxb5 axb5 14. Bxb5 O-O-O 15. Bxc6 Nxe4 16. O-O Nc5 17. Rxf7 h6 18. Be3 Na6 19. c3 Nb8 20. Bb5 g5 21. Bd4 Rg8 22. a4 Kb7 23. a5 Na6 24. b4 h5 25. Bc6+ Kb8 26. b5 Nc5 27. a6 Rc8 28. a7# 1-0


[Site "https://www.chess.com"]

[Event "Early Titled Tuesday Blitz | February 8 2022"]
[White "Kornyukov, Alexey"]
[Black "Vetokhin, Ilia"]
[WhiteFideId "4150457"]
[BlackFideId "24156078"]
[WhiteElo "2303"]
[BlackElo "1897"]
[Result "0-1"]
[Round "04"]
[TimeControl "180+1"]
[Date "2022.02.08"]
[WhiteClock "0:01:55"]
[BlackClock "0:01:33"]

1. e4 c5 2. c3 Nf6 3. e5 Nd5 4. d4 cxd4 5. cxd4 Nc6 6. Nf3 d6 7. exd6 Qxd6 8. Bd3 g6 9. O-O Bg7 10. Nc3 O-O 11. Ne4 Qd8 12. Be3 b6 13. Rc1 Bb7 14. Qd2 Nxe3 15. fxe3 e5 16. Bb1 exd4 17. exd4 Nxd4 18. Nxd4 Qxd4+ 19. Qxd4 Bxd4+ 20. Kh1 Bxb2 21. Rc7 Ba6 22. Rf2 Rac8 23. Rxc8 Rxc8 24. h3 Rc1+ 25. Kh2 Rxb1 26. Ng5 Be5+ 27. g3 Rb2 28. Rxb2 Bxb2 0-1


[Site "https://www.chess.com"]

[Event "Early Titled Tuesday Blitz | February 8 2022"]
[White "Kosakowski, Jakub"]
[Black "Praggnanandhaa R"]
[WhiteFideId "1185080"]
[BlackFideId "25059530"]
[WhiteElo "2476"]
[BlackElo "2599"]
[Result "1-0"]
[Round "04"]
[TimeControl "180+1"]
[Date "2022.02.08"]
[WhiteClock "0:00:05"]
[BlackClock "0:00:04"]

1. e4 c5 2. Nf3 d6 3. d4 cxd4 4. Nxd4 Nf6 5. Nc3 a6 6. Be3 e5 7. Nb3 Be6 8. f3 h5 9. Qd2 Nbd7 10. Nd5 Bxd5 11. exd5 g6 12. Be2 Bg7 13. O-O b6 14. c4 O-O 15. Rac1 Qc7 16. Na1 e4 17. f4 Ng4 18. Bxg4 hxg4 19. Nb3 Nc5 20. Nd4 Nd3 21. Rc2 Qe7 22. f5 Be5 23. g3 Qf6 24. Nc6 Rfe8 25. Bg5 Qg7 26. fxg6 Qxg6 27. Qe3 f5 28. Ne7+ Rxe7 29. Bxe7 Qg7 30. Qg5 Re8 31. Qxg7+ Kxg7 32. Bg5 Bd4+ 33. Kg2 Kg6 34. Bf4 Bc5 35. b3 a5 36. Re2 e3 37. Rd1 Nxf4+ 38. gxf4 Rh8 39. Rd3 Rh3 40. a3 Rf3 41. b4 axb4 42. axb4 Bxb4 43. Rdxe3 Rxf4 44. Re6+ Kg5 45. Re8 Rxc4 46. Rg8+ Kf4 47. Rf2+ Ke5 48. Re8+ Kxd5 49. Rxf5+ Kd4 50. Rf4+ Kd3 51. Rxc4 Kxc4 52. Re4+ Kb3 53. Rxg4 Bc3 54. h4 b5 55. h5 b4 56. h6 Kc2 57. Rc4 Kb1 58. h7 Be5 59. Rxb4+ Kc2 60. Rb8 d5 61. h8=Q Bxh8 62. Rxh8 d4 63. Kf3 d3 64. Rc8+ Kd2 65. Rd8 Kc3 66. Ke3 1-0


[Site "https://www.chess.com"]

[Event "Early Titled Tuesday Blitz | February 8 2022"]
[White "Kosteniuk, Alexandra"]
[Black "Chen, Justin"]
[WhiteFideId "4128125"]
[BlackFideId "2098199"]
[WhiteElo "2469"]
[BlackElo "2481"]
[Result "1-0"]
[Round "04"]
[TimeControl "180+1"]
[Date "2022.02.08"]
[WhiteClock "0:01:36"]
[BlackClock "0:00:01"]

1. e4 c6 2. Nc3 d5 3. Nf3 dxe4 4. Nxe4 Nf6 5. Qe2 Nxe4 6. Qxe4 Qd5 7. Qe3 Qe6 8. b3 f6 9. d4 Qxe3+ 10. fxe3 Bg4 11. Bb2 Nd7 12. O-O-O e5 13. h3 Bxf3 14. gxf3 O-O-O 15. h4 Kc7 16. h5 Bd6 17. Bd3 exd4 18. exd4 Nf8 19. Rde1 Rd7 20. Re8 Rd8 21. Re2 b5 22. c4 bxc4 23. bxc4 c5 24. d5 Nd7 25. Bc3 Be5 26. Kc2 Bxc3 27. Kxc3 Kd6 28. Re6+ Kc7 29. Rc6+ Kb7 30. Rb1+ Nb6 31. Rxc5 Rc8 32. Rxc8 Rxc8 33. Kd4 Kc7 34. c5 Nd7 35. Ba6 Rb8 36. Rxb8 Nxb8 37. Bb5 a6 38. Ba4 1-0


[Site "https://www.chess.com"]

[Event "Early Titled Tuesday Blitz | February 8 2022"]
[White "Kostiukov, Alexandr"]
[Black "Maksimenko, Viktor"]
[WhiteFideId "14108100"]
[BlackFideId "13710478"]
[WhiteElo "2202"]
[BlackElo "2269"]
[Result "0-1"]
[Round "04"]
[TimeControl "180+1"]
[Date "2022.02.08"]
[WhiteClock "0:00:04"]
[BlackClock "0:00:14"]

1. g3 d5 2. Bg2 c6 3. d3 e5 4. e4 dxe4 5. dxe4 Qxd1+ 6. Kxd1 Nf6 7. f3 Be6 8. Be3 Nbd7 9. Nd2 Bc5 10. Ke2 Bxe3 11. Kxe3 O-O-O 12. Bh3 Nc5 13. Bxe6+ Nxe6 14. Nh3 Kc7 15. Nc4 Nd7 16. a4 f6 17. a5 Ndc5 18. b4 Rd4 19. Nxe5 fxe5 20. bxc5 Rhd8 21. Nf2 Nxc5 22. Rhd1 Ne6 23. c3 Rxd1 24. Nxd1 g5 25. Nf2 Nc5 26. h4 gxh4 27. gxh4 Rd7 28. Ke2 Ne6 29. Nd3 Kd6 30. Rg1 b5 31. Rg8 c5 32. Rb8 c4 33. Nb4 Nf4+ 34. Ke3 Rg7 35. Nd5 Nxd5+ 36. exd5 a6 37. Rb6+ Kxd5 38. Rxa6 Rb7 39. Ra8 b4 40. cxb4 Rxb4 41. a6 Rb3+ 42. Kd2 Kc6 43. a7 Kb7 0-1


[Site "https://www.chess.com"]

[Event "Early Titled Tuesday Blitz | February 8 2022"]
[White "Kujawski, Adam"]
[Black "Roebers, Jan"]
[WhiteFideId "1100920"]
[BlackFideId "1007815"]
[WhiteElo "2053"]
[BlackElo "2120"]
[Result "0-1"]
[Round "04"]
[TimeControl "180+1"]
[Date "2022.02.08"]
[WhiteClock "0:00:02"]
[BlackClock "0:00:17"]

1. e4 e5 2. f4 d5 3. exd5 exf4 4. Nf3 Bd6 5. d4 Nf6 6. Bb5+ Bd7 7. Qe2+ Qe7 8. Qxe7+ Bxe7 9. Bxd7+ Nbxd7 10. c4 Nh5 11. Nc3 O-O 12. Bd2 a5 13. O-O a4 14. Rae1 Bf6 15. Ne5 Nb6 16. c5 Bxe5 17. Rxe5 Nc4 18. Rxh5 Nxd2 19. Rxf4 a3 20. b4 Rfe8 21. Re5 f6 22. Rxe8+ Rxe8 23. h4 Kf7 24. Rf2 Re1+ 25. Kh2 Ne4 26. Re2 Rxe2 27. Nxe2 g5 28. hxg5 fxg5 29. g4 Nf6 30. Kg3 Nxd5 31. Kf3 Nxb4 32. Nc3 Ke6 33. Ke4 c6 34. Nb1 Nxa2 35. Nxa3 Nc3+ 36. Kd3 Nd5 37. Nc4 Nf6 38. Na5 Nxg4 39. Nxb7 h5 40. Nd8+ Kd7 41. Nf7 h4 42. Nxg5 Nf6 43. Ke3 Nd5+ 44. Kf3 Nc3 0-1


[Site "https://www.chess.com"]

[Event "Early Titled Tuesday Blitz | February 8 2022"]
[White "Kukula, Pawel"]
[Black "Aditya Mittal"]
[WhiteFideId "1115081"]
[BlackFideId "35042025"]
[WhiteElo "2203"]
[BlackElo "2287"]
[Result "1/2-1/2"]
[Round "04"]
[TimeControl "180+1"]
[Date "2022.02.08"]
[WhiteClock "0:00:19"]
[BlackClock "0:00:04"]

1. d4 Nf6 2. Nf3 g6 3. Nbd2 Bg7 4. e4 d6 5. Bd3 O-O 6. O-O Nbd7 7. Re1 e5 8. c3 h6 9. a4 Nh5 10. Nc4 Qe7 11. a5 Kh7 12. Bf1 Rd8 13. dxe5 Nxe5 14. Nfxe5 dxe5 15. Qc2 Be6 16. Be3 Nf4 17. Red1 h5 18. b4 Qf6 19. a6 b6 20. Rxd8 Rxd8 21. Rd1 Rxd1 22. Qxd1 Bh6 23. Qd2 h4 24. g3 Nh3+ 25. Bxh3 Bxe3 26. Nxe3 Bxh3 27. Qe2 Qc6 28. Nd5 Be6 29. c4 h3 30. f4 Qd6 31. Qd2 Bxd5 32. Qxd5 Qxb4 33. Qxf7+ Kh6 34. fxe5 Qe1+ 35. Qf1 Qe3+ 36. Qf2 Qc1+ 37. Qf1 Qe3+ 38. Qf2 Qc1+ 39. Qf1 Qe3+ 1/2-1/2


[Site "https://www.chess.com"]

[Event "Early Titled Tuesday Blitz | February 8 2022"]
[White "Kushagra, Mohan"]
[Black "Gracia Alvarez, Gerardo Antonio"]
[WhiteFideId "25033638"]
[BlackFideId "5109124"]
[WhiteElo "1886"]
[BlackElo "2139"]
[Result "1-0"]
[Round "04"]
[TimeControl "180+1"]
[Date "2022.02.08"]
[WhiteClock "0:00:07"]
[BlackClock "0:00:05"]

1. e4 c5 2. Nf3 Nc6 3. d4 cxd4 4. Nxd4 Nf6 5. Nc3 e5 6. Ndb5 h6 7. Nd5 Nxd5 8. exd5 a6 9. dxc6 axb5 10. cxd7+ Bxd7 11. Be2 Bc6 12. O-O Qxd1 13. Rxd1 Bc5 14. Bd2 Ke7 15. b4 Bb6 16. c4 Bd4 17. Rac1 Rxa2 18. cxb5 Bd5 19. Kf1 Rha8 20. Be3 Bxe3 21. fxe3 Ke6 22. Bg4+ f5 23. Bxf5+ Kxf5 24. Rxd5 Rb2 25. Rd7 g5 26. Rxb7 Raa2 27. Rf7+ Ke4 28. b6 Rxb4 29. Rf6 h5 30. Rh6 h4 31. Rg6 Kf5 32. Rgc6 Rbb2 33. b7 Rxb7 34. R6c2 Rbb2 35. Rxb2 Rxb2 36. Rc4 g4 37. h3 gxh3 38. gxh3 Kg5 39. Rg4+ Kh5 40. Re4 Kg6 41. Rxh4 Kf5 42. Rg4 Rh2 43. Rg3 Ke4 44. Kg1 Rc2 45. h4 Rc6 46. Kg2 Kf5 47. Kh3 Rh6 48. Rf3+ Ke4 49. Rg3 Kf5 50. Rg4 Rh7 51. e4+ Kf6 52. Rg3 Rb7 53. Kg4 Rg7+ 54. Kh3 Rb7 55. Rf3+ Kg6 56. Kg4 Kh6 57. Kf5 Rf7+ 58. Kg4 Rg7+ 59. Kh3 Rg1 60. Rf5 Rh1+ 61. Kg3 Rg1+ 62. Kf3 Rh1 63. Rxe5 Rxh4 64. Rf5 Kg6 65. Ke3 Rh3+ 66. Kd4 Ra3 67. Ke5 Ra5+ 68. Kf4 Ra1 69. Rb5 Rf1+ 70. Ke5 Kf7 71. Rb7+ Ke8 72. Ke6 Ra1 73. Rb8# 1-0


[Site "https://www.chess.com"]